 Dungeon Crawl Stone Soup version 0.30-a0-989-g0d87f670db (webtiles) character file.

Game seed: 7468657874899380610

81 Sobieck the Magician (level 4, -5/30 HPs)
             Began as a Mummy Earth Elementalist on Apr 2, 2023.
             Killed by divine providence
             ... invoked by an orc priest
              (14 damage)
             ... on level 3 of the Dungeon.
             The game lasted 00:04:11 (2308 turns).

Sobieck the Magician (Mummy Earth Elementalist)     Turns: 2308, Time: 00:04:12

Health: -5/30      AC:  2    Str: 11    XL:     4   Next: 20%
Magic:  1/10       EV: 12    Int: 16    God:
Gold:   179        SH:  0    Dex: 12    Spells: 7/11 levels left

rFire   x . .      SeeInvis .    a - +0 short sword (speed) {short}
rCold   + . .      Faith    +    (no shield)
rNeg    + + +      Spirit   .    q - +0 robe
rPois   ∞          Reflect  .    (no helmet)
rElec   .          Rampage  .    (no cloak)
rCorr   .                        (no gloves)
Will    .....                    (no boots)
Stlth   ++                       (no amulet)
HPRegen 0.25/turn                (no ring)
MPRegen 0.12/turn                (no ring)

@: no status effects
A: cold resistance 1, negative energy resistance 3, torment resistance 2, heat
vulnerability 1, in touch with death 1, no potions, faith
a: no special abilities


You were on level 3 of the Dungeon.
You visited 1 branch of the dungeon, and saw 3 of its levels.

You collected 179 gold pieces.


Innate Abilities, Weirdness & Mutations

You are immune to poison.
Your flesh is cold resistant. (rC+)
You are immune to negative energy. (rN+++)
You are immune to unholy pain and torment.
You are vulnerable to heat. (rF-)
You are in touch with the powers of death.
You do not drink.
You have a special connection with the divine. (Faith)


   Skills:
 - Level 1.5 Dodging
 - Level 1.5 Stealth
 + Level 4.4 Spellcasting
 - Level 0.7 Transmutations
 + Level 3.4 Earth Magic


You had 7 spell levels left.
You knew the following spells:

 Your Spells              Type           Power      Damage    Failure   Level
a - Sandblast             Erth           28%        2d8       4%          1
b - Stone Arrow           Conj/Erth      16%        3d8       24%         3

Your spell library contained the following spells:

 Spells                   Type           Power      Damage    Failure   Level
 Passwall                 Tmut/Erth      8%         N/A       11%         2
 Cigotuvi's Dreadful Rot  Necr/Pois/Air  10%        N/A       24%         2
 Poisonous Vapours        Pois/Air       6%         N/A       24%         2
 Mephitic Cloud           Conj/Pois/Air  3%         N/A       43%         3
 Petrify                  Tmut/Erth      10%        N/A       56%         4

Inventory:

Hand Weapons
 a - a +0 short sword of speed (weapon) {short}
   (You took it off a kobold on level 2 of the Dungeon)
 b - a +0 hand axe {axe}
   (You found it on level 1 of the Dungeon)
 n - a +0 dagger {short}
   (You took it off a goblin on level 2 of the Dungeon)
 o - a +0 dagger {short}
   (You took it off a kobold on level 2 of the Dungeon)
Missiles
 e - 26 stones {throwing}
 s - 5 poisoned darts {throwing}
Armour
 d - a +0 ring mail
   (You found it on level 1 of the Dungeon)
 f - a +0 chain mail
   (You found it on level 1 of the Dungeon)
 h - a +0 robe
   (You found it on level 1 of the Dungeon)
 i - a +0 pair of boots
   (You found it on level 1 of the Dungeon)
 j - a +0 leather armour
   (You found it on level 1 of the Dungeon)
 k - a +0 ring mail
   (You found it on level 1 of the Dungeon)
 l - a +0 leather armour
   (You found it on level 1 of the Dungeon)
 q - a +0 robe (worn)
 u - a +0 robe
   (You took it off an orc wizard on level 3 of the Dungeon)
 v - a +0 buckler
   (You found it on level 3 of the Dungeon)
Scrolls
 c - 2 scrolls of enchant weapon {unknown}
 g - a scroll of silence {unknown}
 m - 2 scrolls of teleportation {unknown}
 p - a scroll of blinking {unknown}
 r - a scroll of magic mapping {unknown}
 t - 4 scrolls of identify {unknown}

Dungeon Overview and Level Annotations

Branches:
Dungeon (3/15) Zot: 15658

Altars:
Kikubaaqudgha
Qazlal

Shops:
D:2

! ...######.##
.# .....).....#
## ##..####.##.#
#
#...####.##.###
..............#
..............#
.....###.##.#.#
#... #....#.#
### #.####@#
#..###..###o#
#..........w#
#.####..###.#
#.####..###.###
#.......g.....#
#..###..###.#.#
...........)...#
#..####.#.#...#


You could see a worm and an orc priest.


Message History

A worm comes into view.
Danger!
The blast of sand hits the worm!
The blast of sand hits the worm!
You kill the worm!
Unknown command.
You can't see any susceptible monsters within range! (Use Z to cast anyway.) Unknown command.
You see here a worm corpse.
Found a stone staircase leading down.
Unknown command.
Found a stone staircase leading down.
Unknown command.
Search for what [? for help]? shie You hear the quick rusting of a very distant drain.
You see here a worm corpse.
You see here a +0 buckler.
v - a +0 buckler
Casting: Sandblast (safe; 4% risk of failure)
Confirm with . or Enter, or press ? or * to list all spells.
Okay, then.
Okay, then.
Unknown command.
Unknown command.
This spell is quite dangerous to cast!
Memorise Stone Arrow, consuming 3 spell levels and leaving 7?
You start memorising the spell.
You continue memorising. x3
You finish memorising.
Spell assigned to 'b'.
Unknown command.
Unknown command.
t - 4 scrolls labelled NALEKK LEYDD (gained 3)
You hear the quick rusting of a very distant drain.
You see here a fuming clear potion.
You now have 179 gold pieces (gained 10).
Key pressed, stopping explore.
A worm comes into view.
Danger!
A worm is nearby!
Unknown command.
A kobold comes into view. It is wielding a +0 dagger.
You can't see any susceptible monsters within range! (Use Z to cast anyway.) Unknown command.
The blast of sand misses the kobold.
The blast of sand misses the kobold.
The kobold hits you with a +0 dagger.
The blast of sand hits the kobold but does no damage.
The kobold hits you with a +0 dagger. The kobold misses you.
The blast of sand hits the kobold!
You kill the kobold!
The orc priest shouts!
You hear the rapid rusting of a distant drain.
A hobgoblin comes into view. It is wielding a +0 dagger.
The blast of sand hits the worm!
Unknown command.
You see here a +0 dagger {short}.
Unknown command.
Unknown command.
Unknown command.
The blast of sand hits the orc priest but does no damage.
The orc priest hits you with a +2 dagger of freezing.
The blast of sand hits the orc priest but does no damage.
The orc priest barely misses you.
The hobgoblin hits you with a +0 dagger.
Unknown command.
The blast of sand hits the orc priest but does no damage.
The orc priest looks braver for a moment.
The hobgoblin closely misses you.
The orc priest hits you with a +2 dagger of freezing.
The orc priest freezes you.
You are too injured to fight recklessly!
Unknown command.
Unknown command.
Unknown command.
Casting: Sandblast (safe; 4% risk of failure)
Confirm with . or Enter, or press ? or * to list all spells.
Aiming: Sandblast (safe; 4% risk of failure)
Press: ? - help, Shift-Dir - straight line, f/p - orc priest
Aim: an orc priest, wielding a +2 dagger of freezing and wearing a +0 chain mail (87% to hit)
The blast of sand hits the hobgoblin.
The hobgoblin hits you with a +0 dagger. x2
* * * LOW HITPOINT WARNING * * *
Casting: Sandblast (safe; 4% risk of failure)
Confirm with . or Enter, or press ? or * to list all spells.
Aiming: Sandblast (safe; 4% risk of failure)
Press: ? - help, Shift-Dir - straight line, f/p - orc priest
Aim: an orc priest, wielding a +2 dagger of freezing and wearing a +0 chain mail (87% to hit)
The blast of sand hits the hobgoblin.
You kill the hobgoblin!
The orc priest hits you with a +2 dagger of freezing.
* * * LOW HITPOINT WARNING * * *
The orc priest freezes you.
* * * LOW HITPOINT WARNING * * *
Casting: Sandblast (safe; 4% risk of failure)
Confirm with . or Enter, or press ? or * to list all spells.
Aiming: Sandblast (safe; 4% risk of failure)
Press: ? - help, Shift-Dir - straight line, f/p - orc priest
Aim: an orc priest, wielding a +2 dagger of freezing and wearing a +0 chain mail (87% to hit)
The blast of sand hits the orc priest but does no damage.
The orc priest calls down the wrath of Beogh upon you.
Beogh smites you!
You die...

Skill      XL: |  1  2  3 |
---------------+----------+-----
Spellcasting   | 3 4 |  4.4
Earth Magic    | 3 |  3.4
Dodging        | |  1.5
Stealth        | |  1.5
Transmutations | |  0.7

Action                     |  1- 3 |  4- 6 || total
---------------------------+-------+-------++-------
  Melee: Short sword       |     1 |       ||     1
   Cast: Sandblast         |    55 |    13 ||    68
 Armour: Robe              |     3 |       ||     3
  Dodge: Dodged            |    20 |     3 ||    23

Levels and vault maps discovered:
D:1:      tekkud_arrival_beachfront_property, layout_loops_corners,
          serial_glass, glass_columns_c, glass_columns_b, item_on_display_a
D:2:      layout_loops_cross, serial_shops, shop,
          shapermc_ecumenical_altar_ellora
D:3:      layout_loops_ring, mainiacjoe_overflow_divided_tiny,
          cheibrodos_sewer_entry_bend, kennysheep_pointless_box,
          kennysheep_generic_room_7

Notes
Turn   | Place    | Note
-------+----------+-------------------------------------------
     0 | D:1      | Sobieck the Mummy Earth Elementalist began the quest for
                  | the Orb.
     0 | D:1      | Reached XP level 1. HP: 13/13 MP: 4/4
   827 | D:2      | Reached skill level 3 in Spellcasting
   854 | D:2      | You pick up a book of Vapours and begin reading...
   854 | D:2      | You add the spells Poisonous Vapours, Cigotuvi's Dreadful
                  | Rot and Mephitic Cloud to your library.
   979 | D:2      | Reached XP level 2. HP: 19/19 MP: 4/6
  1280 | D:2      | Found a faded altar of an unknown god.
  1331 | D:2      | Reached skill level 3 in Earth Magic
  1331 | D:2      | Gained mutation: You are in touch with the powers of death.
                  | [Mummy growth]
  1331 | D:2      | Reached XP level 3. HP: 17/24 MP: 1/8
  1550 | D:2      | Found Haqurruo's Distillery.
  1739 | D:3      | Found a stormy altar of Qazlal.
  1739 | D:3      | Found an ancient bone altar of Kikubaaqudgha.
  1864 | D:3      | Reached skill level 4 in Spellcasting
  1912 | D:3      | HP: 4/24 [something/puff of flame (6)]
  1912 | D:3      | HP: 1/24 [something (3)]
  1914 | D:3      | Reached XP level 4. HP: 1/30 MP: 0/10
  2211 | D:3      | Learned a level 3 spell: Stone Arrow
  2308 | D:3      | Killed from afar by an orc priest

Vanquished Creatures
  An orc wizard (D:3)
  2 adders
  A worm (D:3)
  2 orcs (D:3)
  A giant cockroach (D:1)
  2 hobgoblins
  3 kobolds
  2 quokkas (D:2)
  3 ball pythons
  6 bats
  2 frilled lizards (D:2)
  2 goblins (D:2)
  8 rats
35 creatures vanquished.

Table legend:
 A = Non-vault XP
 B = Vault XP
 C = Vault XP percentage of total XP
 D = Non-vault monster count
 E = Vault monster count
 F = Vault count percentage of total count
                 A         B        C        D         E       F
            +---------+---------+-------+---------+---------+-------
      Total |     117 |       0 |   0.0 |      35 |       0 |   0.0
            +---------+---------+-------+---------+---------+-------
        D:1 |       6 |       0 |   0.0 |       4 |       0 |   0.0
        D:2 |      38 |       0 |   0.0 |      18 |       0 |   0.0
        D:3 |      73 |       0 |   0.0 |      13 |       0 |   0.0
            +---------+---------+-------+---------+---------+-------

Illustrated notes

Table legend:
 A = Kills in this place as a percentage of kills in the entire game.
 B = Kills by you in this place as a percentage of kills by you in the entire game.
 C = Kills by friends in this place as a percentage of kills by friends in the entire game.
 D = Other kills in this place as a percentage of other kills in the entire game.
 E = Experience gained in this place as a percentage of experience gained in the entire game.
 F = Experience gained in this place divided by the number of levels of this place that you have seen.
                   A       B       C       D       E      F
               +-------+-------+-------+-------+-------+----------------------
         Total | 100.0 | 100.0 |   N/A |   N/A | 100.0 |  39.0
       Dungeon | 100.0 | 100.0 |   N/A |   N/A | 100.0 |  39.0
               +-------+-------+-------+-------+-------+----------------------

Table legend: (Time is in decaauts)
 A = Elapsed time spent in this place.
 B = Non-inter-level travel time spent in this place.
 C = Inter-level travel time spent in this place.
 D = Time resting spent in this place.
 E = Time spent auto-exploring this place.
 F = Levels seen in this place.
 G = Mean time per level.
                   A        B        C        D        E       F      G
               +--------+--------+--------+--------+--------+-----+--------+
         Total |   2340 |   2285 |     55 |    112 |   1887 |   3 |  780.0 |
       Dungeon |   2340 |   2285 |     55 |    112 |   1887 |   3 |  780.0 |
               +--------+--------+--------+--------+--------+-----+--------+

Top non-repeatable levels by time:
     D:2: 833 daAuts
     D:1: 829 daAuts
     D:3: 677 daAuts
